 Dungeon Crawl Stone Soup version 0.32-a0-797-gee37984 (webtiles) character file.

Game seed: 1646944273342453866

64 mskl23 the Magician (level 3, -1/19 HPs)
             Began as a Deep Elf Fire Elementalist on Mar 20, 2024.
             Slain by a cerulean imp
             ... wielding a +2 spear
             ... summoned by Natasha
              (2 damage)
             ... on level 3 of the Dungeon.
             The game lasted 00:04:38 (2444 turns).

mskl23 the Magician (Deep Elf Fire Elementalist)    Turns: 2444, Time: 00:04:45

Health: -1/19      AC:  3    Str:  5    XL:     3   Next: 91%
Magic:  1/10       EV: 11    Int: 21    God:
Gold:   136        SH:  0    Dex: 15    Spells: 6/10 levels left

rFire   . . .        a - +1 dagger (venom)
rCold   . . .        r - orb {guile}
rNeg    . . .        l - +0 robe
rPois   .            h - +0 hat {SInv}
rElec   .            (no cloak)
rCorr   +            (no gloves)
SInv    +            m - +0 pair of boots
Will    .....        (no amulet)
Stlth   ++           c - ring of resist corrosion
HPRegen 0.23/turn    (no ring)
MPRegen 0.12/turn

%: no passive effects
@: no status effects
A: no striking features
a: no special abilities


You were on level 3 of the Dungeon.
You visited 1 branch of the dungeon, and saw 3 of its levels.

You collected 136 gold pieces.

Inventory:

Hand Weapons
 a - a +1 dagger of venom (weapon)
Armour
 h - a +0 hat of see invisible (worn)
 l - a +0 robe (worn)
 m - a +0 pair of boots (worn)
 r - an orb of guile (worn)
Magical Staves
 b - a staff of air
Jewellery
 c - a ring of resist corrosion (left hand)
 q - an amulet of guardian spirit
Scrolls
 e - 2 scrolls of immolation {unknown}
 i - a scroll of revelation {unknown}
 j - 5 scrolls of identify {unknown}
 k - a scroll of torment {unknown}
 n - a scroll of fog {unknown}
 o - a scroll of enchant weapon {unknown}
Potions
 d - 2 potions of enlightenment {unknown}
 f - a potion of ambrosia {unknown}
 g - 2 potions of magic
 p - 2 potions of haste {unknown}
 s - a potion of berserk rage {unknown}


   Skills:
 - Level 2.4 Dodging
 - Level 2.4 Stealth
 + Level 4.2 Spellcasting
 + Level 2.5 Conjurations
 + Level 4.0 Fire Magic


You had 6 spell levels left.
You knew the following spells:

 Your Spells              Type           Power      Damage    Failure   Level
a - Foxfire               Conj/Fire      72%        2x1d7     3%          1
b - Scorch                Fire           42%        2d6       3%          2
c - Apportation           Tloc           8%         N/A       12%         1

Your spell library contained the following spells:

 Spells                   Type           Power      Damage    Failure   Level
 Sting                    Conj/Alch      36%        1d5       7%          1
 Necrotise                Necr           16%        1d4       12%         1
 Summon Small Mammal      Summ           16%        N/A       12%         1
 Inner Flame              Hex/Fire       12%        N/A       16%         3
 Volatile Blastmotes      Fire/Tloc      24%        2d12      16%         3
 Flame Wave               Conj/Fire      18%        2d7       30%         4


Dungeon Overview and Level Annotations

Branches:
Dungeon (3/15)

Altars:

Annotations:
D:3 Natasha


Message History

The cerulean imp is severely wounded.
The cerulean imp's fire resistance burns away.
Natasha casts a spell.
The cerulean imp hits you from afar with a +0 spear.
Casting: Scorch (safe; 3% risk of failure)
Confirm with . or Enter, or press ? or * to list all spells.
Flames lash the cerulean imp.
The cerulean imp is burned terribly!
You kill the cerulean imp!
The cerulean imp disappears in a puff of smoke!
Natasha casts a spell.
Casting: Scorch (safe; 3% risk of failure)
Confirm with . or Enter, or press ? or * to list all spells.
Flames lash the cerulean imp.
The cerulean imp is moderately wounded.
The cerulean imp's fire resistance burns away.
Natasha is no longer more vulnerable to fire.
The cerulean imp hits you from afar with a +2 spear. x2
Natasha claws you.
You are too injured to fight recklessly!
Casting: Scorch (safe; 3% risk of failure)
Confirm with . or Enter, or press ? or * to list all spells.
You don't have enough magic to cast this spell.
There is a stone staircase leading up here.
Your +1 dagger of venom begins to drip with poison!
a - a +1 dagger of venom (weapon)
You hit Natasha.
Natasha is severely wounded.
The cerulean imp hits you from afar with a +2 spear.
Natasha stares at you and mumbles some strange words.
The magic dart hits you.
* * * LOW HITPOINT WARNING * * *
The cerulean imp hits you from afar with a +2 spear.
* * * LOW HITPOINT WARNING * * *
You hit Natasha but do no damage.
Natasha is severely wounded.
The cerulean imp is no longer more vulnerable to fire.
The cerulean imp completely misses you.
Natasha mumbles some strange words.
The cerulean imp hits you from afar with a +2 spear.
You die...

..# #..# #..#.# .) ..#
#..# #..#.#
..######.###..####..#.#
.)...................#
..).....###.#####..###
###)...............#
##........5#55.....##
#..........h.#######
...###..###@# #?.# #.#
...)....# ....######
######


You could see Natasha and 3 cerulean imps.

Vanquished Creatures
  An adder (D:2)
  2 ribbon worms
  2 dart slugs
  4 orcs (D:3)
  3 bats
  4 endoplasms
  4 goblins
  3 hobgoblins
  4 ball pythons
  5 frilled lizards
  5 kobolds
  6 rats
43 creatures vanquished.

Vanquished Creatures (others)
  139 foxfires
139 creatures vanquished.

Grand Total: 182 creatures vanquished

Notes
Turn   | Place    | Note
-------+----------+-------------------------------------------
     0 | D:1      | mskl23 the Deep Elf Fire Elementalist began the quest for
                  | the Orb.
     0 | D:1      | Reached XP level 1. HP: 10/10 MP: 6/6
   389 | D:1      | Reached XP level 2. HP: 15/15 MP: 2/8
   612 | D:1      | Learned a level 2 spell: Scorch
  1613 | D:2      | Reached XP level 3. HP: 19/19 MP: 5/10
  2061 | D:2      | Learned a level 1 spell: Apportation
  2350 | D:3      | Noticed Natasha
  2444 | D:3      | Slain by a cerulean imp

Illustrated notes

Levels and vault maps discovered:
D:1:      evilmike_arrival_rings, layout_basic
D:2:      layout_loops_ring
D:3:      layout_loops_ring, serial_shops, nicolae_shop_window_shopping,
          nrook_mini_backslash, uniq_natasha

Skill      XL: |  1  2  3 |
---------------+----------+-----
Conjurations   | 2 |  2.5
Spellcasting   | 4 |  4.2
Fire Magic     | 4 |  4.0
Dodging        | |  2.4
Stealth        | |  2.4

Action                     || total
---------------------------++-------
  Melee: Staff             ||     3
         Dagger            ||     2
   Cast: Foxfire           ||    89
         Scorch            ||    16
 Armour: Robe              ||    18
  Dodge: Dodged            ||    14

Table legend: (Time is in decaauts)
 A = Elapsed time spent in this place.
 B = Non-inter-level travel time spent in this place.
 C = Inter-level travel time spent in this place.
 D = Time resting spent in this place.
 E = Time spent auto-exploring this place.
 F = Levels seen in this place.
 G = Mean time per level.
                   A        B        C        D        E       F      G
               +--------+--------+--------+--------+--------+-----+--------+
         Total |   2443 |   2343 |    100 |     76 |   1992 |   3 |  814.3 |
       Dungeon |   2443 |   2343 |    100 |     76 |   1992 |   3 |  814.3 |
               +--------+--------+--------+--------+--------+-----+--------+

Top non-repeatable levels by time:
     D:1: 1338 daAuts
     D:2: 869 daAuts
     D:3: 235 daAuts
